 Dungeon Crawl Stone Soup version 0.27.0-1-g7a089689b8 (webtiles) character file.

Game seed: 4129399362900246527

251 Revguard the Firebug (level 6, 0/64 HPs)
             Began as an Ogre Fire Elementalist on Aug 9, 2021.
             Was an Initiate of Vehumet.
             Slain by chipmonk's ghost (6 damage)
             ... on level 4 of the Dungeon.
             The game lasted 00:15:40 (5237 turns).

Revguard the Firebug (Ogre Fire Elementalist)       Turns: 5237, Time: 00:15:41

Health: 0/64       AC:  4    Str: 11 (13) XL:     6   Next: 13%
Magic:  0/10       EV:  9    Int: 17      God:    Vehumet [......]
Gold:   154        SH:  0    Dex:  7 (8)  Spells: 0/11 levels left

rFire    . . .     SeeInvis .   d - staff of earth
rCold    + . .     Faith    .   (no shield)
rNeg     . . .     Spirit   .   a - +0 robe
rPois    .         Reflect  .   (helmet restricted)
rElec    .         Harm     .   (no cloak)
rCorr    .         Rampage  .   (gloves unavailable)
Will     .....                  (boots unavailable)
Stlth    +.........             (no amulet)
HPRegen  0.20/turn              j - ring of protection from cold
MPRegen  0.12/turn              (no ring)

@: mighty, hasted, very quick
A: large, unfitting armour, tough skin 1, clumsy 1, sense surroundings 1, robust
1, shaggy fur 1
a: Renounce Religion


You were on level 4 of the Dungeon.
You worshipped Vehumet.
Vehumet was noncommittal.
You visited 1 branch of the dungeon, and saw 4 of its levels.

You collected 154 gold pieces.

Inventory:

Armour
 a - a +0 robe (worn)
Magical Staves
 d - a staff of earth (weapon)
Jewellery
 b - a ring of ice
 j - a ring of protection from cold (left hand)
Wands
 k - a wand of flame (20)
Scrolls
 c - a scroll of identify {unknown}
 e - 2 scrolls of blinking
 g - a scroll of enchant armour {unknown}
 h - a scroll of amnesia {unknown}
Potions
 f - a potion of might


   Skills:
 + Level 2.5 Fighting
 + Level 1.7 Staves
 + Level 1.2 Armour
 + Level 2.5 Dodging
 - Level 1.4 Stealth
 + Level 3.2 Spellcasting
 + Level 2.0 Conjurations
 + Level 3.2 Fire Magic
 + Level 1.3 Evocations


You couldn't memorise any spells.
You knew the following spells:

 Your Spells              Type           Power      Damage    Failure   Level
a - Foxfire               Conj/Fire      44%        2x1d6     6%          1
b - Inner Flame           Hex/Fire       8%         N/A       26%         3
c - Conjure Flame         Conj/Fire      11%        6-21      17%         3
d - Sticky Flame          Conj/Fire      11%        2d3       50%         4

Your spell library contained the following spells:

 Spells                   Type           Power      Damage    Failure   Level
 Sublimation of Blood     Necr           1%         N/A       26%         2
 Ignite Poison            Fire/Tmut/Pois 6%         N/A       32%         3
 Fireball                 Conj/Fire      5%         3d5       85%         5
 Petrify                  Tmut/Erth      4%         N/A       86%         4
 Irradiate                Conj/Tmut      3%         3d14      97%         5


Dungeon Overview and Level Annotations

Branches:
Dungeon (4/15)             Temple (0/1) D:4

Altars:
Elyvilon
Ru
Vehumet

Annotations:
D:4 chipmonk's ghost, novice TeAE


Innate Abilities, Weirdness & Mutations

You are too large for most types of armour.
You have tough skin. (AC +1)
You are clumsy. (Dex -2)
You passively map a small area around you.
You are robust. (+10% HP)
You are covered in fur. (AC +1)


Message History

The foxfire hits chipmonk's ghost.
Chipmonk's ghost is severely damaged.
The foxfire hits chipmonk's ghost but does no damage.
Chipmonk's ghost is severely damaged.
Chipmonk's ghost hits you.
You hit chipmonk's ghost but do no damage.
Chipmonk's ghost is severely damaged.
The foxfire hits chipmonk's ghost but does no damage.
Chipmonk's ghost is severely damaged.
The foxfire hits chipmonk's ghost but does no damage.
Chipmonk's ghost is severely damaged.
Chipmonk's ghost gestures at you while chanting.
The zap hits you!
* * * LOW HITPOINT WARNING * * *
Aiming: Throw Flame
Press: ? - help, Shift-Dir - straight line, f - chipmonk's ghost
Aim: chipmonk's ghost (severely damaged, 52% to hit)
The puff of flame hits chipmonk's ghost.
Chipmonk's ghost is severely damaged.
Chipmonk's ghost mumbles some strange words.
You are struck by an arc of lightning.
* * * LOW HITPOINT WARNING * * *
Chipmonk's ghost is struck by an arc of lightning.
You are struck by an arc of lightning.
* * * LOW HITPOINT WARNING * * *
Chipmonk's ghost is struck by an arc of lightning.
The lightning grounds out.
It was a potion of might.
You feel very mighty all of a sudden.
Chipmonk's ghost mumbles some strange words.
You are struck by an arc of lightning!
* * * LOW HITPOINT WARNING * * *
Chipmonk's ghost is struck by an arc of lightning.
You are struck by an arc of lightning.
* * * LOW HITPOINT WARNING * * *
Chipmonk's ghost is struck by an arc of lightning.
The lightning grounds out.
It was a potion of haste.
You feel yourself speed up. Chipmonk's ghost hits you.
You die...

.....#...##.....#.....##..##>....
........#.......#....###.####....
................#....###.# ##...
.....................#...## ##..
.......#...##....#######..## #..
.......##...#....##.≈####..## #..
.......###.......#..#.# ##..###..
........##.......#≈8..## ##.....#
........#.......@W...(.# ##..###
..........#......'.#.≈## ##.###
.........###...#.#.≈≈.≈###..#
........<# ##..#.#.≈§###....#
.........## #....#.##.##.##.##
..........# #....##########..#
..........# #............##..#
..........###..##............##
...........#......###.####....#


You could see chipmonk's ghost.

Vanquished Creatures
  A scorpion (D:4)
  A bullfrog skeleton (D:3)
  An orc wizard (D:3)
  Jessica (D:3)
  2 adders
  A worm (D:2)
  8 orcs
  10 endoplasms
  A giant cockroach (D:1)
  5 goblins
  4 hobgoblins
  14 jackals
  4 quokkas
  7 ball pythons
  5 bats
  A frilled lizard (D:3)
  5 kobolds
  3 rats
74 creatures vanquished.

Vanquished Creatures (others)
  244 foxfires
244 creatures vanquished.

Grand Total: 318 creatures vanquished

Notes
Turn   | Place    | Note
-------+----------+-------------------------------------------
     0 | D:1      | Revguard the Ogre Fire Elementalist began the quest for the
                  | Orb.
     0 | D:1      | Reached XP level 1. HP: 16/16 MP: 3/3
   120 | D:1      | Reached skill level 1 in Conjurations
   259 | D:1      | Reached XP level 2. HP: 26/26 MP: 2/5
   422 | D:1      | Reached skill level 1 in Fighting
  1063 | D:2      | Reached XP level 3. HP: 33/33 MP: 4/7
  1109 | D:2      | Learned a level 3 spell: Inner Flame
  1113 | D:2      | Learned a level 3 spell: Conjure Flame
  1390 | D:2      | Found a faded altar of an unknown god.
  1970 | D:3      | Found a white marble altar of Elyvilon.
  1983 | D:3      | Reached XP level 4. HP: 41/41 MP: 5/8
  2193 | D:3      | Reached skill level 1 in Staves
  2193 | D:3      | Reached skill level 1 in Evocations
  2564 | D:3      | Noticed Jessica
  2570 | D:3      | Killed Jessica
  2571 | D:3      | Reached XP level 5. HP: 33/49 MP: 6/9
  2728 | D:3      | Found a sacrificial altar of Ru.
  2728 | D:3      | Found a radiant altar of Vehumet.
  2960 | D:3      | Became a worshipper of Vehumet
  3147 | D:3      | Reached skill level 1 in Armour
  3502 | D:3      | Gained mutation: You are covered in fur. (AC +1) [potion of
                  | mutation]
  3502 | D:3      | Gained mutation: You are robust. (+10% HP) [potion of
                  | mutation]
  3502 | D:3      | Gained mutation: You are clumsy. (Dex -2) [potion of
                  | mutation]
  3502 | D:3      | Gained mutation: You passively map a small area around you.
                  | [potion of mutation]
  3877 | D:4      | Found a large runed translucent door.
  3877 | D:4      | Found a large runed translucent door.
  3878 | D:4      | Noticed chipmonk's ghost (novice TeAE)
  4442 | D:4      | Found a staircase to the Ecumenical Temple.
  4592 | D:4      | Reached XP level 6. HP: 20/64 MP: 1/10
  5213 | D:4      | Learned a level 4 spell: Sticky Flame
  5237 | D:4      | Slain by chipmonk's ghost

Illustrated notes

Levels and vault maps discovered:
D:1:      giann_horns, layout_loops_ring
D:2:      layout_basic, hellmonk_ecumenical_altar_dog_temple
D:3:      layout_loops_ring, gammafunk_temple_overflow_wave,
          mainiacjoe_overflow_tiny_flanked, uniq_jessica
D:4:      layout_layer_cave, minmay_temple_entry_hall,
          ebering_ghost_disaster_area, roderic_roman_lattice,
          roderic_filled_cross

Skill      XL: |  1  2  3  4  5 |
---------------+----------------+-----
Conjurations   | 1 2 |  2.0
Fighting       | 1 2 |  2.5
Dodging        | 2 |  2.5
Staves         | 1 |  1.7
Fire Magic     | 3 |  3.2
Evocations     | 1 |  1.3
Spellcasting   | 3 |  3.2
Armour         | 1 |  1.2
Stealth        | |  1.4

Action                   |  1- 3 |  4- 6 || total
-------------------------+-------+-------++-------
Melee: Unarmed           |     4 |       ||     4
       Staff             |    10 |    62 ||    72
 Cast: Foxfire           |    66 |    80 ||   146
       Conjure Flame     |       |     1 ||     1
Evoke: Wand              |       |     1 ||     1
  Use: Scroll            |       |     6 ||     6
       Potion            |       |     7 ||     7
Armor: Robe              |    10 |    22 ||    32
Dodge: Dodged            |     9 |    47 ||    56
